 Dungeon Crawl Stone Soup version 0.25.0-1-g7eea58d (webtiles) character file.

Game seed: 15889848200356015552

44 GeorgeSoros the Digger (level 3, -1/21 HPs)
             Began as a Gargoyle Earth Elementalist on June 16, 2020.
             Slain by a hippogriff (2 damage)
             ... on level 2 of the Dungeon.
             The game lasted 00:04:17 (1578 turns).

GeorgeSoros the Digger (GrEE)                       Turns: 1578, Time: 00:04:17

Health: -1/21      AC:  5    Str: 11    XL:     3   Next: 62%
Magic:  3/6        EV: 12    Int: 16    God:
Gold:   84         SH:  0    Dex: 10    Spells: 3/6 levels left

rFire    . . .     SeeInvis .   a - +1 dagger (venom)
rCold    . . .     Gourm    .   (no shield)
rNeg     + . .     Faith    .   c - +0 robe
rPois    ∞         Spirit   .   (no helmet)
rElec    +         Reflect  .   (no cloak)
rCorr    .         Harm     .   (no gloves)
MR       .....                  (no boots)
Stlth    +.........             (no amulet)
HPRegen  0.07/turn              e - ring of attention (curse)
MPRegen  0.10/turn              h - ring of flight

@: no status effects
A: negative energy resistance 1, electricity resistance, unbreathing,
petrification resistance, rot immunity, AC +3
a: Evoke Flight


You were on level 2 of the Dungeon.
You were not hungry.

You visited 1 branch of the dungeon, and saw 2 of its levels.

You collected 84 gold pieces.

Inventory:

Hand Weapons
 a - a +1 dagger of venom (weapon)
Missiles
 b - 83 stones (quivered)
 f - 50 arrows
Armour
 c - a +0 robe (worn)
 p - a +0 leather armour
Jewellery
 e - a cursed ring of attention (left hand)
 h - a ring of flight (right hand)
Scrolls
 j - 4 scrolls of identify
 l - a scroll of teleportation {unknown}
 m - a scroll of enchant armour {unknown}
 o - a scroll of immolation {unknown}
Potions
 g - a potion of resistance
 i - a potion of flight {unknown}
 k - a potion of magic
 n - a potion of heal wounds
Comestibles
 d - 5 rations


   Skills:
 + Level 2.1 Fighting
 - Level 1.5 Dodging
 - Level 2.1 Stealth
 + Level 2.3 Spellcasting
 - Level 0.7 Transmutations
 + Level 4.4 Earth Magic


You had 3 spell levels left.
You knew the following spells:

 Your Spells              Type           Power        Failure   Level  Hunger
a - Sandblast             Erth           ###...       3%          1    #......
b - Passwall              Tmut/Erth      ##......     11%         2    ###....

Your spell library contained the following spells:

 Spells                   Type           Power        Failure   Level  Hunger
 Stone Arrow              Conj/Erth      #.....       24%         3    ###....
 Petrify                  Tmut/Erth      ##......     56%         4    #####..
 Lee's Rapid Deconstruct  Erth           ###.......   65%         5    ######.


Dungeon Overview and Level Annotations

Branches:
Dungeon (2/15)

Altars:


Innate Abilities, Weirdness & Mutations

You are resistant to torment.
Your stone body is resilient. (AC +3)
You are immune to poison.
You resist negative energy. (rN+)
You are resistant to electric shocks. (rElec)
You can survive without breathing.
You are immune to petrification.
You are immune to rotting.


Message History

Aiming: Sandblast (safe; 3% risk of failure)
Press: ? - help, Shift-Dir - straight line, f/p - hippogriff
Aim: a hippogriff (moderately wounded)
The blast of sand hits the hippogriff!
The hippogriff is heavily wounded.
b - 83 stones The hippogriff misses you.
The hippogriff pecks you. The hippogriff closely misses you.
You hit the hippogriff.
The hippogriff is poisoned.
The hippogriff is heavily wounded.
The hippogriff misses you. The hippogriff pecks you. The hippogriff claws you.
You hit the hippogriff but do no damage.
The hippogriff looks as sick as possible!
The hippogriff is heavily wounded.
The hippogriff bites you.
* * * LOW HITPOINT WARNING * * *
The hippogriff pecks you.
* * * LOW HITPOINT WARNING * * *
The hippogriff claws you.
You die...

...# ........# ... ##.##
... #...# #.# #...# #.#
#...# ##'## #.### ##...##
#÷# ######.....## #.#
......H@....## ##)##
.####.........####...####
....'.........+.........#
####.........####...##.#
##.......## ##.....#
#......## ##.#..#
.......#...## #.#..#
##.######)## #....#
.######.### ###.##


You could see a hippogriff (extremely poisoned).

Vanquished Creatures
  2 adders (D:2)
  A leopard gecko (D:1)
  4 bats
  2 goblins (D:1)
  5 hobgoblins
  3 jackals (D:2)
  A ball python (D:2)
  A frilled lizard (D:2)
  4 kobolds (D:1)
  3 rats
26 creatures vanquished.

Notes
Turn   | Place    | Note
-------+----------+-------------------------------------------
     0 | D:1      | GeorgeSoros the Gargoyle Earth Elementalist began the quest
                  | for the Orb.
     0 | D:1      | Reached XP level 1. HP: 10/10 MP: 3/3
     2 | D:1      | Noticed a demonspawn
     2 | D:1      | Noticed a human
     4 | D:1      | Noticed a gargoyle
     6 | D:1      | Noticed a vampire
     6 | D:1      | Noticed an octopode
     8 | D:1      | Noticed a tengu
     8 | D:1      | Noticed a dwarf
    10 | D:1      | Noticed a halfling
    12 | D:1      | Noticed a vine stalker
    12 | D:1      | Noticed a formicid
    14 | D:1      | Noticed a naga
    14 | D:1      | Noticed a merfolk
    17 | D:1      | Noticed a ghoul
    17 | D:1      | Noticed a spriggan
    19 | D:1      | Noticed an ogre
    21 | D:1      | Noticed a centaur
    21 | D:1      | Noticed a minotaur
    23 | D:1      | Noticed a felid
    23 | D:1      | Noticed a draconian
    25 | D:1      | Noticed a troll
    25 | D:1      | Noticed a demigod
    27 | D:1      | Noticed an elf
   317 | D:1      | You fall into a shaft and drop 1 floor!
   469 | D:2      | Reached skill level 1 in Fighting
   469 | D:2      | Reached skill level 4 in Earth Magic
   469 | D:2      | Reached XP level 2. HP: 16/16 MP: 3/5
   514 | D:2      | Learned a level 2 spell: Passwall
   816 | D:1      | Reached XP level 3. HP: 21/21 MP: 6/6
  1571 | D:2      | Noticed a hippogriff
  1578 | D:2      | HP: 1/21 [hippogriff (4)]
  1578 | D:2      | Slain by a hippogriff

Illustrated notes

Levels and vault maps discovered:
D:1:      kb_arrival_jail, layout_basic, minmay_misc_feat_roman, fountainhead
D:2:      layout_loops_corners, minitemple, minmay_circle_x

Skill      XL: |  1  2  3 |
---------------+----------+-----
Fighting       | 1 2 |  2.1
Earth Magic    | 4 |  4.4
Dodging        | |  1.5
Stealth        | |  2.1
Spellcasting   | |  2.3
Transmutations | |  0.7

Action                   || total
-------------------------++-------
Melee: Dagger            ||    81
 Cast: Sandblast         ||    11
  Use: Scroll            ||     3
 Stab: Sleeping          ||     3
  Eat: Chunk             ||     2
Armor: Robe              ||    22
Dodge: Dodged            ||    55
